 Dungeon Crawl Stone Soup version 0.32-a0-612-g1c984fe9d1 (webtiles) character file.

Game seed: 6999745219185949855

17 dolemite99 the Chopper (level 2, -2/22 HPs)
             Began as a Coglin Reaver on Mar 5, 2024.
             Slain by Natasha (4 damage)
             ... on level 2 of the Dungeon.
             The game lasted 00:00:38 (886 turns).

dolemite99 the Chopper (Coglin Reaver)               Turns: 886, Time: 00:00:39

Health: -2/22      AC:  7    Str: 12    XL:     2   Next: 62%
Magic:  4/4        EV:  9    Int: 12    God:
Gold:   73         SH:  0    Dex: 12    Spells: 3/4 levels left

rFire   . . .        a - +0 hand axe {Yae}
rCold   . . .        c - +0 dagger {Cuahtemoc}
rNeg    . . .        e - +0 scale mail
rPois   .            j - +0 helmet
rElec   .            (no cloak)
rCorr   .            (no gloves)
SInv    .            (no boots)
Will    .....        (amulet unavailable) Stlth
                     (ring unavailable)
HPRegen 0.23/turn    (ring unavailable)
MPRegen 0.09/turn    (no gizmo)

%: no passive effects
@: slowed, revved, very slow
A: off-hand wielding, slow wielding, warmup strikes, no jewellery
a: Invent Gizmo


You were on level 2 of the Dungeon.
You visited 1 branch of the dungeon, and saw 2 of its levels.

You collected 73 gold pieces.

Inventory:

Hand Weapons
 a - a +0 hand axe (weapon) {Yae}
 c - a +0 dagger (offhand) {Cuahtemoc}
Armour
 b - a +0 leather armour
 e - a +0 scale mail (worn)
 j - a +0 helmet (worn)
Scrolls
 f - a scroll of immolation {unknown}
 g - a scroll of enchant weapon {unknown}
 i - a scroll of identify {unknown}
Potions
 d - 2 potions of might {unknown}


   Skills:
 - Level 2.0 Fighting
 + Level 3.9 Axes
 - Level 1.7 Dodging
 - Level 1.7 Spellcasting
 - Level 2.6 Conjurations


You had 3 spell levels left.
You knew the following spells:

 Your Spells              Type           Power      Damage    Failure   Level
a - Kiss of Death         Conj/Necr      16%        2d6       65%         1

Your spell library contained the following spells:

 Spells                   Type           Power      Damage    Failure   Level
 Momentum Strike          Conj/Tloc      8%         3d8       80%         2
 Hailstorm                Conj/Ice       4%         3d5       95%         3


Dungeon Overview and Level Annotations

Branches:
Dungeon (2/15)

Altars:

Annotations:
D:2 Natasha


Innate Abilities, Weirdness & Mutations

You can wield a second weapon in your off-hand.
It takes a long time for you to wield or remove held weapons.
Your first few attacks do less damage.
You cannot equip rings or amulets.


Message History

The cerulean imp hits you but does no damage.
Natasha barely misses you.
Okay, then.
You hit Natasha with your +0 hand axe.
Natasha is moderately wounded.
You barely miss the cerulean imp with your +0 hand axe.
You miss Natasha with your +0 dagger.
The cerulean imp hits you but does no damage.
Natasha stares at you and mumbles some strange words.
You resist with significant effort.
You hit Natasha but do no damage.
Natasha is moderately wounded.
You barely miss Natasha with your +0 hand axe.
You hit the cerulean imp with your +0 hand axe.
The cerulean imp barely misses you.
Natasha howls an incantation.
You feel troubled. Natasha claws you but does no damage.
The cerulean imp hits you but does no damage.
Natasha mumbles some strange words.
You closely miss Natasha with your +0 dagger.
Natasha is moderately wounded.
You miss Natasha with your +0 hand axe.
You hit the cerulean imp but do no damage.
The cerulean imp barely misses you. Natasha claws you!
The cerulean imp closely misses you.
You closely miss Natasha with your +0 hand axe.
Natasha is moderately wounded.
You hit the cerulean imp with your +0 hand axe.
You barely miss Natasha with your +0 dagger.
The cerulean imp hits you with a +1 spear.
Natasha stares at you and mumbles some strange words.
The magic dart hits you.
The cerulean imp hits you from afar with a +0 spear.
* * * LOW HITPOINT WARNING * * *
The cerulean imp hits you with a +1 spear.
* * * LOW HITPOINT WARNING * * *
Natasha claws you.
You die...
Natasha begins licking her fur clean.

########.##.##.#.#..#.#.....)###.
..).....#.....#.#..#.#.##.......
#########..#.##.#..#.#.##.#.....
........<....#..#.#.##.#.....
!....#..######..#.#.##.##.#..
.....#~.........#.#....##.#..
.... #~~..$.5...#.#.......#..
.... #ß~........# #.#######.# ...
#~~...h@...# #.# #.# #~....5....#
#.# #.# #..........# #.# #.#
+###.......# #.# .........# #..
........... ... ....##.......
.... #####....


You could see Natasha and 2 cerulean imps.

Vanquished Creatures
  2 dart slugs
  2 endoplasms
  A goblin (D:1)
  2 hobgoblins
  A quokka (D:2)
  2 ball pythons
  A bat (D:1)
  2 kobolds (D:1)
13 creatures vanquished.

Notes
Turn   | Place    | Note
-------+----------+-------------------------------------------
     0 | D:1      | dolemite99 the Coglin Reaver began the quest for the Orb.
     0 | D:1      | Reached XP level 1. HP: 16/16 MP: 3/3
   281 | D:1      | Reached XP level 2. HP: 17/22 MP: 4/4
   875 | D:2      | Noticed Natasha
   886 | D:2      | Slain by Natasha

Illustrated notes

Levels and vault maps discovered:
D:1:      minmay_arrival_stone_box, layout_rooms
D:2:      layout_basic, moated_statue, uniq_natasha

Action                     || total
---------------------------++-------
  Melee: Hand axe          ||    35
         Dagger            ||    32
    Use: Potion            ||     1
 Armour: Scale mail        ||    35
         Leather armour    ||     3
  Dodge: Dodged            ||    17

Table legend: (Time is in decaauts)
 A = Elapsed time spent in this place.
 B = Non-inter-level travel time spent in this place.
 C = Inter-level travel time spent in this place.
 D = Time resting spent in this place.
 E = Time spent auto-exploring this place.
 F = Levels seen in this place.
 G = Mean time per level.
                   A        B        C        D        E       F      G
               +--------+--------+--------+--------+--------+-----+--------+
         Total |    889 |    852 |     37 |    207 |    481 |   2 |  444.5 |
       Dungeon |    889 |    852 |     37 |    207 |    481 |   2 |  444.5 |
               +--------+--------+--------+--------+--------+-----+--------+

Top non-repeatable levels by time:
     D:1: 675 daAuts
     D:2: 214 daAuts
